| TOP OF THE 1ST |
|
Cleveland Spiders batting - Pitching for Kansas City Royals : LHP Dave LaPoint
|
|
Pitching: LHP Dave LaPoint
|
|
|
Batting: SHB Bump Wills
|
0-0: Ball 1-0: Ball 2-0: Ball 3-0: Called Strike 3-1: Called Strike 3-2: Foul Ball, location: 2F 3-2: Reached via error on a dropped throw from 1B, E1 (Groundball, 23, EV 81.3 MPH)
|
|
Batting: RHB Tom Brunansky
|
0-0: Ball Bump Wills steals 2nd base 1-0: Called Strike 1-1: Fly out, F3 (Popup, 3L, EV 73.1 MPH)
|
|
Batting: RHB Gary Gaetti
|
0-0: Ball 1-0: Called Strike 1-1: Swinging Strike 1-2: Foul Ball, location: 2F 1-2: Ground out 5-3 (Groundball, 56S, EV 83.1 MPH)
|
|
Batting: SHB Salvador Perez
|
0-0: Called Strike 0-1: Foul Ball, location: 2F 0-2: Ball 1-2: Strikes out swinging
|
| Top of the 1st over - 0 runs, 0 hits, 1 error, 1 left on base; Cleveland 0 - Kansas City 0 |
| BOTTOM OF THE 1ST |
|
Kansas City Royals batting - Pitching for Cleveland Spiders : RHP Steve McCatty
|
|
Pitching: RHP Steve McCatty
|
|
|
Batting: LHB Rick Manning
|
0-0: Foul Ball, location: 2F 0-1: Ball 1-1: Ball 2-1: Ball 3-1: Fly out, F8 (Flyball, 8LD, EV 91.9 MPH)
|
|
Batting: LHB Gene Richards
|
0-0: SINGLE (Groundball, 56S, EV 64.4 MPH) (infield hit)
|
|
Batting: LHB Alvin Davis
|
0-0: Ball Gene Richards steals 2nd base 1-0: Foul Ball, location: 2F 1-1: Swinging Strike 1-2: Strikes out swinging
|
|
Batting: RHB Bob Horner
|
0-0: Ball 1-0: Swinging Strike 1-1: Ball 2-1: Foul Ball, location: 2F 2-2: Ball 3-2: Ground out U3 (Groundball, 34S, EV 86.9 MPH)
|
| Bottom of the 1st over - 0 runs, 1 hit, 0 errors, 1 left on base; Cleveland 0 - Kansas City 0 |
| TOP OF THE 2ND |
|
Cleveland Spiders batting - Pitching for Kansas City Royals : LHP Dave LaPoint
|
|
Batting: RHB Clayton Elliott
|
0-0: Ball 1-0: Called Strike 1-1: Ball 2-1: Ball 3-1: Base on Balls
|
|
Batting: RHB Alan Trammell
|
0-0: Ball 1-0: Ball 2-0: SINGLE (Flyball, 3D, EV 91.3 MPH) Clayton Elliott to second
|
|
Batting: RHB Cressy Pratt
|
0-0: Swinging Strike 0-1: Ball 1-1: Fly out, F4 (Popup, 3D, EV 45.6 MPH)
|
|
Batting: RHB Kevin Bell
|
0-0: Called Strike Clayton Elliott steals 3rd base Alan Trammell to second 0-1: Ball 1-1: Ball 2-1: Foul Ball, location: 2F 2-2: Foul Ball, location: 2F 2-2: Strikes out swinging
|
|
Batting: RHB Gene Tenace
|
0-0: Ball 1-0: Ball 2-0: Ball 3-0: Base on Balls
|
|
Batting: SHB Bump Wills
|
0-0: Called Strike 0-1: Ball 1-1: Ball 2-1: Ball 3-1: Called Strike 3-2: Base on Balls Clayton Elliott scores Alan Trammell to third Gene Tenace to second
|
|
Batting: RHB Tom Brunansky
|
0-0: Swinging Strike 0-1: Ball 1-1: Ball 2-1: Ball 3-1: Base on Balls Alan Trammell scores Gene Tenace to third Bump Wills to second
|
|
Batting: RHB Gary Gaetti
|
0-0: Called Strike 0-1: Ball 1-1: Foul Ball, location: 2F 1-2: Foul Ball, location: 2F 1-2: Ball 2-2: Ball 3-2: Foul Ball, location: 2F 3-2: Foul Ball, location: 2F 3-2: Foul Ball, location: 2F 3-2: Foul Ball, location: 2F 3-2: DOUBLE (Line Drive, 8RD, EV 92.5 MPH) Gene Tenace scores Bump Wills scores Tom Brunansky to third Tom Brunansky scores
|
|
Batting: SHB Salvador Perez
|
0-0: Foul Ball, location: 2F 0-1: Foul Ball, location: 2F 0-2: Ball 1-2: SINGLE (Groundball, 25, EV 66.3 MPH) (infield hit) Gary Gaetti to third
|
|
Batting: RHB Clayton Elliott
|
0-0: Ball 1-0: Called Strike 1-1: Swinging Strike 1-2: Foul Ball, location: 2F 1-2: Strikes out looking
|
| Top of the 2nd over - 5 runs, 3 hits, 0 errors, 2 left on base; Cleveland 5 - Kansas City 0 |
| BOTTOM OF THE 2ND |
|
Kansas City Royals batting - Pitching for Cleveland Spiders : RHP Steve McCatty
|
|
Batting: LHB Jim Eisenreich
|
0-0: Called Strike 0-1: Ball 1-1: Foul Ball, location: 2F 1-2: Ball 2-2: DOUBLE (Line Drive, 9LD, EV 101.3 MPH)
|
|
Batting: RHB Charlie O'Brien
|
0-0: Called Strike 0-1: Foul Ball, location: 2F 0-2: Ball 1-2: Strikes out swinging
|
|
Batting: RHB Lloyd McClendon
|
0-0: Called Strike 0-1: Foul Ball, location: 2F 0-2: Fly out, F9 (Flyball, 9D, EV 98.8 MPH) Runner from 2nd tags up, SAFE at 3rd, no throw by RF
|
|
Batting: RHB Adrian Monrreal
|
0-0: Called Strike 0-1: Foul Ball, location: 2F 0-2: Ball 1-2: Foul Ball, location: 2F 1-2: Foul Ball, location: 2F 1-2: SINGLE (Groundball, 25, EV 63.8 MPH) (infield hit) Jim Eisenreich scores
|
|
Batting: LHB Kerry Dineen
|
0-0: Ball 1-0: Fly out, F6 (Popup, 6MD, EV 68.8 MPH)
|
| Bottom of the 2nd over - 1 run, 2 hits, 0 errors, 1 left on base; Cleveland 5 - Kansas City 1 |
| TOP OF THE 3RD |
|
Cleveland Spiders batting - Pitching for Kansas City Royals : LHP Dave LaPoint
|
|
Batting: RHB Alan Trammell
|
0-0: Ground out U3 (Groundball, 3S, EV 88.8 MPH)
|
|
Batting: RHB Cressy Pratt
|
0-0: Called Strike 0-1: Ball 1-1: Swinging Strike 1-2: Foul Ball, location: 2F 1-2: Ground out 6-3 (Groundball, 6, EV 89.4 MPH)
|
|
Batting: RHB Kevin Bell
|
0-0: Called Strike 0-1: SINGLE (Groundball, 34S, EV 85.0 MPH) (infield hit)
|
|
Batting: RHB Gene Tenace
|
0-0: Ball 1-0: Called Strike 1-1: Ball 2-1: Ball 3-1: Foul Ball, location: 2F 3-2: Strikes out swinging
|
| Top of the 3rd over - 0 runs, 1 hit, 0 errors, 1 left on base; Cleveland 5 - Kansas City 1 |
| BOTTOM OF THE 3RD |
|
Kansas City Royals batting - Pitching for Cleveland Spiders : RHP Steve McCatty
|
|
Batting: LHB Rick Manning
|
0-0: Ball 1-0: DOUBLE (Line Drive, 78D, EV 111.3 MPH)
|
|
Batting: LHB Gene Richards
|
0-0: Ball Rick Manning steals 3rd base 1-0: Ball 2-0: Ball 3-0: Called Strike 3-1: SINGLE (Line Drive, 4MD, EV 96.9 MPH) Rick Manning scores
|
|
Batting: LHB Alvin Davis
|
0-0: Ball 1-0: 2-RUN HOME RUN (Flyball, 7D, EV 103.1 MPH), Distance : 366 ft
|
|
Batting: RHB Bob Horner
|
0-0: Called Strike 0-1: Foul Ball, location: 2F 0-2: Ball 1-2: Ball 2-2: Ball 3-2: Foul Ball, location: 2F 3-2: Strikes out swinging
|
|
Batting: LHB Jim Eisenreich
|
0-0: Ball 1-0: Called Strike 1-1: Ball 2-1: Ball 3-1: Called Strike 3-2: Foul Ball, location: 2F 3-2: Foul Ball, location: 2F 3-2: Foul Ball, location: 2F 3-2: Base on Balls
|
|
Batting: RHB Charlie O'Brien
|
0-0: Called Strike 0-1: Ball 1-1: Ball 2-1: Foul Ball, location: 2F 2-2: Strikes out swinging
|
|
Batting: RHB Lloyd McClendon
|
0-0: Called Strike 0-1: Swinging Strike 0-2: Fielders Choice at 2nd, 6-4 (Groundball, 6, EV 91.3 MPH)
|
| Bottom of the 3rd over - 3 runs, 3 hits, 0 errors, 1 left on base; Cleveland 5 - Kansas City 4 |
| TOP OF THE 4TH |
|
Cleveland Spiders batting - Pitching for Kansas City Royals : LHP Dave LaPoint
|
|
Batting: SHB Bump Wills
|
0-0: Called Strike 0-1: Ball 1-1: Ball 2-1: Ball 3-1: Base on Balls
|
|
Batting: RHB Tom Brunansky
|
0-0: Called Strike 0-1: Swinging Strike 0-2: Ball 1-2: Strikes out swinging
|
|
Batting: RHB Gary Gaetti
|
0-0: SINGLE (Groundball, 6M, EV 88.8 MPH) (infield hit) Bump Wills to second
|
|
Batting: SHB Salvador Perez
|
0-0: Ball 1-0: Ball 2-0: Ball 3-0: Called Strike 3-1: Fly out, F9 (Line Drive, 9, EV 109.4 MPH) Runner from 2nd tags up, SAFE at 3rd with throw by RF
|
|
Batting: RHB Clayton Elliott
|
0-0: Ball 1-0: Swinging Strike 1-1: Fly out, F4 (Popup, 4S, EV 73.1 MPH)
|
| Top of the 4th over - 0 runs, 1 hit, 0 errors, 2 left on base; Cleveland 5 - Kansas City 4 |
| BOTTOM OF THE 4TH |
|
Kansas City Royals batting - Pitching for Cleveland Spiders : RHP Steve McCatty
|
|
Batting: RHB Adrian Monrreal
|
0-0: Ball 1-0: Foul Ball, location: 2F 1-1: Ball 2-1: Ground out 2-3 (Groundball, 13S, EV 70.6 MPH)
|
|
Batting: LHB Kerry Dineen
|
0-0: Ball 1-0: Foul Ball, location: 2F 1-1: Reached on error, E6 (Groundball, 6S, EV 88.1 MPH)
|
|
Batting: LHB Rick Manning
|
0-0: Ball 1-0: Fielders Choice at 2nd, 4-6 (Groundball, 4, EV 81.9 MPH)
|
|
Batting: LHB Gene Richards
|
0-0: Called Strike Rick Manning steals 2nd base 0-1: Foul Ball, location: 2F 0-2: Ball 1-2: Ball 2-2: SINGLE (Groundball, 34D, EV 98.1 MPH) Rick Manning to third Runner from 3rd tries for Home, SAFE, throw by RF to home
|
|
Batting: LHB Alvin Davis
|
0-0: Fly out, F9 (Flyball, 9LM, EV 82.5 MPH)
|
| Bottom of the 4th over - 1 run, 1 hit, 1 error, 1 left on base; Cleveland 5 - Kansas City 5 |
| TOP OF THE 5TH |
|
Cleveland Spiders batting - Pitching for Kansas City Royals : LHP Dave LaPoint
|
|
Batting: RHB Alan Trammell
|
0-0: Ball 1-0: Ball 2-0: Foul Ball, location: 2F 2-1: Foul Ball, location: 2F 2-2: TRIPLE (Line Drive, 89XD, EV 98.1 MPH)
|
|
Pitching: RHP Don Wilson
|
|
|
Batting: RHB Cressy Pratt
|
0-0: Ball 1-0: Ball 2-0: Called Strike 2-1: Foul Ball, location: 2F 2-2: Fly out, F8 (Flyball, 89M, EV 90.0 MPH) Runner from 3rd tags up, OUT at HOME! 8-2
|
|
Batting: RHB Kevin Bell
|
0-0: Ground out 5-3 (Groundball, 56, EV 89.4 MPH)
|
| Top of the 5th over - 0 runs, 1 hit, 0 errors, 0 left on base; Cleveland 5 - Kansas City 5 |
| BOTTOM OF THE 5TH |
|
Kansas City Royals batting - Pitching for Cleveland Spiders : RHP Steve McCatty
|
|
Batting: RHB Bob Horner
|
0-0: Foul Ball, location: 2F 0-1: Foul Ball, location: 2F 0-2: Ball 1-2: Ball 2-2: Foul Ball, location: 2F 2-2: DOUBLE (Line Drive, 7LS, EV 88.8 MPH)
|
|
Batting: LHB Jim Eisenreich
|
0-0: Foul Ball, location: 2F 0-1: Swinging Strike 0-2: Ground out U3 (Groundball, 3, EV 106.9 MPH) Bob Horner to third
|
|
Batting: RHB Charlie O'Brien
|
0-0: Ball 1-0: Ball 2-0: DOUBLE (Flyball, 78XD, EV 115.6 MPH) Bob Horner scores
|
|
Batting: RHB Lloyd McClendon
|
0-0: Ball 1-0: 2-RUN HOME RUN (Flyball, 78XD, EV 88.8 MPH), Distance : 415 ft
|
|
Pitching: RHP Jack Lazorko
|
|
|
Batting: RHB Adrian Monrreal
|
0-0: Foul Ball, location: 2F 0-1: Fly out, F8 (Flyball, 8LM, EV 89.4 MPH)
|
|
Batting: LHB Kerry Dineen
|
0-0: Ball 1-0: Called Strike 1-1: Ball 2-1: Swinging Strike 2-2: Fly out, F9 (Flyball, 9LM, EV 73.1 MPH)
|
| Bottom of the 5th over - 3 runs, 3 hits, 0 errors, 0 left on base; Cleveland 5 - Kansas City 8 |
| TOP OF THE 6TH |
|
Cleveland Spiders batting - Pitching for Kansas City Royals : RHP Don Wilson
|
|
Batting: RHB Gene Tenace
|
0-0: Ball 1-0: Foul Ball, location: 2F 1-1: Called Strike 1-2: Ball 2-2: Ball 3-2: Foul Ball, location: 2F 3-2: Base on Balls
|
|
Batting: SHB Bump Wills
|
0-0: Called Strike 0-1: Ball 1-1: Ball 2-1: Ball 3-1: Swinging Strike 3-2: Strikes out swinging
|
|
Batting: RHB Tom Brunansky
|
0-0: Called Strike 0-1: Foul Ball, location: 2F 0-2: Ball 1-2: Fly out, F7 (Flyball, 7D, EV 84.4 MPH)
|
|
Batting: RHB Gary Gaetti
|
0-0: Swinging Strike 0-1: Ball 1-1: Ball 2-1: Called Strike 2-2: Ball 3-2: Base on Balls Gene Tenace to second
|
|
Batting: SHB Salvador Perez
|
0-0: Ball Wild Pitch! Gene Tenace to third Gary Gaetti to second 1-0: Called Strike 1-1: Called Strike 1-2: Ground out 4-3 (Groundball, 4, EV 78.8 MPH)
|
| Top of the 6th over - 0 runs, 0 hits, 0 errors, 2 left on base; Cleveland 5 - Kansas City 8 |
| BOTTOM OF THE 6TH |
|
Kansas City Royals batting - Pitching for Cleveland Spiders : RHP Jack Lazorko
|
|
Batting: LHB Rick Manning
|
0-0: Ball 1-0: Called Strike 1-1: Ball 2-1: Ground out 3-1 (Groundball, 34, EV 97.5 MPH)
|
|
Batting: LHB Gene Richards
|
0-0: Ball 1-0: Foul Ball, location: 2F 1-1: Ball 2-1: SINGLE (Line Drive, 9LS, EV 111.9 MPH)
|
|
Batting: LHB Alvin Davis
|
0-0: Ball 1-0: Foul Ball, location: 2F 1-1: Ball 2-1: Ball 3-1: Called Strike 3-2: Fielders Choice at 2nd, 1-6 (Groundball, 13S, EV 71.3 MPH)
|
|
Batting: RHB Bob Horner
|
0-0: Ball 1-0: Ball 2-0: Fielders Choice at 2nd, 6-4 (Groundball, 6, EV 98.1 MPH)
|
| Bottom of the 6th over - 0 runs, 1 hit, 0 errors, 1 left on base; Cleveland 5 - Kansas City 8 |
| TOP OF THE 7TH |
|
Cleveland Spiders batting - Pitching for Kansas City Royals : RHP Don Wilson
|
|
Batting: RHB Clayton Elliott
|
0-0: Foul Ball, location: 2F 0-1: Ball 1-1: Ball 2-1: Ball 3-1: SINGLE (Groundball, P, EV 85.0 MPH) (infield hit)
|
|
Pitching: RHP Orel Hershiser
|
|
|
Batting: RHB Alan Trammell
|
0-0: Ball 1-0: SINGLE (Line Drive, 8RS, EV 101.9 MPH) Clayton Elliott to second Runner from 2nd tries for 3rd, SAFE, no throw by CF
|
|
Batting: RHB Cressy Pratt
|
0-0: Called Strike 0-1: Ball 1-1: Grounds into double play, 6-4-3 (Groundball, 6, EV 79.4 MPH) Clayton Elliott scores
|
|
Batting: RHB Kevin Bell
|
0-0: Called Strike 0-1: Called Strike 0-2: Foul Ball, location: 2F 0-2: Ball 1-2: Ball 2-2: Fly out, F9 (Flyball, 9LM, EV 79.4 MPH)
|
| Top of the 7th over - 1 run, 2 hits, 0 errors, 0 left on base; Cleveland 6 - Kansas City 8 |
| BOTTOM OF THE 7TH |
|
Kansas City Royals batting - Pitching for Cleveland Spiders : RHP Jack Lazorko
|
|
Batting: LHB Jim Eisenreich
|
0-0: Ball 1-0: Called Strike 1-1: Ball 2-1: Ball 3-1: Base on Balls
|
|
Batting: RHB Charlie O'Brien
|
0-0: Swinging Strike 0-1: Foul Ball, location: 2F 0-2: Strikes out swinging
|
|
Batting: RHB Lloyd McClendon
|
0-0: Called Strike 0-1: Foul Ball, location: 2F 0-2: Ball 1-2: Ball 2-2: Strikes out looking
|
|
Batting: RHB Adrian Monrreal
|
0-0: Called Strike 0-1: Ball 1-1: Ball 2-1: SINGLE (Line Drive, 78S, EV 104.4 MPH) Jim Eisenreich to second
|
|
Batting: LHB Kerry Dineen
|
0-0: Called Strike 0-1: Ball 1-1: Ball 2-1: Ball 3-1: Base on Balls Jim Eisenreich to third Adrian Monrreal to second
|
|
Pitching: RHP Bill Laskey
|
|
|
Batting: LHB Rick Manning
|
0-0: SINGLE (Groundball, 4MS, EV 68.8 MPH) (infield hit) Jim Eisenreich scores Adrian Monrreal to third Kerry Dineen to second
|
|
Batting: LHB Gene Richards
|
0-0: Foul Ball, location: 2F 0-1: Fielders Choice at 2nd, 6-4 (Groundball, 6, EV 79.4 MPH)
|
| Bottom of the 7th over - 1 run, 2 hits, 0 errors, 3 left on base; Cleveland 6 - Kansas City 9 |
| TOP OF THE 8TH |
|
Cleveland Spiders batting - Pitching for Kansas City Royals : RHP Orel Hershiser
|
|
Batting: RHB Gene Tenace
|
0-0: Called Strike 0-1: Ball 1-1: Ball 2-1: Foul Ball, location: 2F 2-2: SOLO HOME RUN (Flyball, 78XD, EV 93.1 MPH), Distance : 418 ft
|
|
Batting: SHB Bump Wills
|
0-0: Fly out, F8 (Line Drive, 8LM, EV 88.1 MPH)
|
|
Batting: RHB Tom Brunansky
|
0-0: Ground out 5-3 (Groundball, 5S, EV 91.3 MPH)
|
|
Batting: RHB Gary Gaetti
|
0-0: Ball 1-0: Called Strike 1-1: Reached on error, E8 (Line Drive, 8RM, EV 110.0 MPH)
|
|
Batting: SHB Salvador Perez
|
0-0: Ball 1-0: Swinging Strike 1-1: Foul Ball, location: 2F 1-2: Strikes out swinging
|
| Top of the 8th over - 1 run, 1 hit, 1 error, 1 left on base; Cleveland 7 - Kansas City 9 |
| BOTTOM OF THE 8TH |
|
Kansas City Royals batting - Pitching for Cleveland Spiders : RHP Bill Laskey
|
|
Batting: LHB Alvin Davis
|
0-0: Ball 1-0: Called Strike 1-1: Ball 2-1: Foul Ball, location: 2F 2-2: Ball 3-2: Foul Ball, location: 2F 3-2: Strikes out swinging
|
|
Batting: RHB Bob Horner
|
0-0: Called Strike 0-1: SOLO HOME RUN (Flyball, 7D, EV 97.5 MPH), Distance : 385 ft
|
|
Batting: LHB Jim Eisenreich
|
0-0: Ball 1-0: Ground out 4-3 (Groundball, 4MS, EV 68.8 MPH)
|
|
Batting: RHB Charlie O'Brien
|
0-0: Ball 1-0: DOUBLE (Line Drive, 89D, EV 105.6 MPH)
|
|
Batting: RHB Lloyd McClendon
|
0-0: SINGLE (Line Drive, 7LS, EV 91.3 MPH) Charlie O'Brien to third Runner from 3rd tries for Home, SAFE, throw by LF to home
|
|
Batting: RHB Adrian Monrreal
|
0-0: Foul Ball, location: 2F 0-1: Swinging Strike 0-2: Ball 1-2: Strikes out swinging
|
| Bottom of the 8th over - 2 runs, 3 hits, 0 errors, 1 left on base; Cleveland 7 - Kansas City 11 |
| TOP OF THE 9TH |
|
Cleveland Spiders batting - Pitching for Kansas City Royals : RHP Orel Hershiser
|
|
Batting: RHB Clayton Elliott
|
0-0: Swinging Strike 0-1: Foul Ball, location: 2F 0-2: Strikes out swinging
|
|
Batting: RHB Alan Trammell
|
0-0: Swinging Strike 0-1: Called Strike 0-2: Foul Ball, location: 2F 0-2: SINGLE (Line Drive, 89S, EV 111.3 MPH)
|
|
Batting: RHB Cressy Pratt
|
0-0: Called Strike 0-1: Ball 1-1: Called Strike 1-2: Strikes out looking
|
|
Batting: RHB Kevin Bell
|
0-0: Foul Ball, location: 2F 0-1: Ball 1-1: Ball 2-1: Ball 3-1: DOUBLE (Line Drive, 5D, EV 100.0 MPH) Alan Trammell to third
|
|
Pitching: RHP Sandy Wihtol
|
|
|
Batting: RHB Gene Tenace
|
0-0: Foul Ball, location: 2F 0-1: Ball 1-1: Ball 2-1: Ball 3-1: Foul Ball, location: 2F 3-2: Base on Balls
|
|
Batting: SHB Bump Wills
|
0-0: Ball 1-0: Ball 2-0: Ball 3-0: Called Strike 3-1: Fly out, F8 (Line Drive, 8RD, EV 87.5 MPH)
|
| Top of the 9th over - 0 runs, 2 hits, 0 errors, 3 left on base; Cleveland 7 - Kansas City 11 |
|